 Dungeon Crawl Stone Soup version 0.30-a0-1112-gfb780f5df6 (webtiles) character file.

Game seed: 10205897313515734655

315 dracfodder the Cudgeller (level 6, -3/38 HPs)
             Began as a Gargoyle Fighter on Apr 19, 2023.
             Slain by Grieffels's ghost (6 damage)
             ... on level 4 of the Dungeon.
             The game lasted 00:13:16 (3060 turns).

dracfodder the Cudgeller (Gargoyle Fighter)         Turns: 3060, Time: 00:13:17

Health: -3/38      AC: 13    Str: 27    XL:     6   Next: 43%
Magic:  6/6        EV: 11    Int:  9    God:
Gold:   105        SH:  5    Dex:  9    Spells: 5/5 levels left

rFire   . . .      SeeInvis .    a - +1 flail
rCold   . . .      Faith    .    c - +1 buckler
rNeg    + . .      Spirit   .    g - +3 leather armour
rPois   ∞          Reflect  .    y - +0 helmet
rElec   +          Rampage  .    u - +0 cloak
rCorr   .                        (no gloves)
Will    .....                    (no boots)
Stlth   +                        (no amulet)
HPRegen 0.26/turn                r - +6 ring of strength
MPRegen 0.10/turn                (no ring)

@: mighty
A: sickness immunity, AC +4, negative energy resistance 1, electricity
resistance, torment resistance 1, petrification resistance
a: no special abilities


You were on level 4 of the Dungeon.
You visited 1 branch of the dungeon, and saw 4 of its levels.

You collected 243 gold pieces.
You spent 138 gold pieces at shops.

Inventory:

Hand Weapons
 a - a +1 flail (weapon)
 x - a +3 hand axe
Missiles
 t - 13 boomerangs (quivered)
 w - 5 silver javelins
 z - 6 javelins
Armour
 c - a +1 buckler (worn)
 g - a +3 leather armour (worn)
 u - a +0 cloak (worn)
 y - a +0 helmet (worn)
Jewellery
 j - a ring of protection from fire
 r - a +6 ring of strength (left hand)
Scrolls
 e - a scroll of enchant armour
 f - a scroll of blinking
 i - 5 scrolls of teleportation
 m - a scroll of amnesia {unknown}
 n - 2 scrolls of identify
Potions
 b - a potion of haste {unknown}
 d - 2 potions of might
 h - a potion of magic
 k - a potion of curing
 l - a potion of invisibility {unknown}
 o - a potion of mutation {unknown}
 p - a potion of attraction {unknown}
 q - a potion of brilliance {unknown}
 s - a potion of lignification {unknown}
 v - 2 potions of ambrosia {unknown}


   Skills:
 * Level 4.1 Fighting
 * Level 5.0 Maces & Flails
 + Level 1.1 Throwing
 + Level 3.6 Armour
 + Level 1.5 Dodging
 + Level 3.7 Shields


You had 5 spell levels left.
You didn't know any spells.
Your spell library contained the following spells:

 Spells                   Type           Power      Damage    Failure   Level
 Apportation              Tloc           0%         N/A       52%         1
 Freeze                   Ice            0%         1d3       52%         1
 Necrotise                Necr           0%         1d4       52%         1
 Summon Small Mammal      Summ           0%         N/A       52%         1
 Frozen Ramparts          Ice            0%         1d1       87%         3
 Hailstorm                Conj/Ice       0%         3d3       87%         3


Dungeon Overview and Level Annotations

Branches:
Dungeon (4/15)             Temple (0/1) D:4

Altars:
Ashenzari
Makhleb
Yredelemnul

Shops:
D:2 ?

Annotations:
D:4 Grieffels's ghost, amateur MiGl


Innate Abilities, Weirdness & Mutations

You are immune to sickness and miasma.
Your stone body is resilient. (AC +4)
You are immune to poison.
You resist negative energy. (rN+)
You are resistant to electric shocks. (rElec)
You are resistant to unholy torment.
You are immune to petrification.


Message History

The orc hits you but does no damage.
The orc priest hits you but does no damage.
You closely miss the orc. The orc closely misses you.
The orc priest closely misses you.
You sock the orc!
You kill the orc!
The orc priest closely misses you.
You sock the orc!
You kill the orc!
You block the orc priest's attack.
The orc shoots a sling bullet.
The sling bullet misses you.
You swing at nothing.
The orc priest hits you but does no damage.
You hit Grieffels's ghost but do no damage.
Grieffels's ghost hits you. You block the orc priest's attack.
Grieffels's ghost closely misses you.
The orc priest casts a cantrip, but nothing happens.
You hit Grieffels's ghost but do no damage.
Grieffels's ghost hits you! The orc priest barely misses you.
You barely miss Grieffels's ghost. Grieffels's ghost barely misses you.
The orc priest hits you but does no damage.
You barely miss Grieffels's ghost. Grieffels's ghost barely misses you.
You block the orc priest's attack.
You hit Grieffels's ghost.
Grieffels's ghost is lightly damaged.
Grieffels's ghost closely misses you.
The orc priest hits you but does no damage.
You hit Grieffels's ghost but do no damage.
Grieffels's ghost is lightly damaged.
Grieffels's ghost hits you.
The orc priest hits you from afar with a +0 trident.
* * * LOW HITPOINT WARNING * * *
You feel very mighty all of a sudden. Grieffels's ghost hits you!
* * * LOW HITPOINT WARNING * * *
The orc priest completely misses you.
You barely miss Grieffels's ghost.
Grieffels's ghost is lightly damaged.
Grieffels's ghost hits you.
You die...

........#####.....#####...#......
........'...'.....+...'...'......
........#####.....#####...#......
......### ###.....## #...###....
......### #........####...# #....
........# #........##.....###....
..[.....# #......#.......#...####
........# ######.###.....#.######
..####### #@##......#...#... ..#
####W###.#.....#.#.#. ..#
#..ooo.........)...#. ..#
#8.............8#.... ..##
#######'o'#######.... #..###
#.............##.... #....#
#....#####....#..... #....#
#.###....o###.#..... #....#
#.#8#..8..#8#.#.....


You could see an orc priest, Grieffels's ghost and 2 orcs.

Vanquished Creatures
  3 iron imps (D:4)
  An iguana (D:4)
  An orc wizard (D:3)
  3 gnolls (D:4)
  5 adders
  A worm (D:2)
  13 orcs
  4 ball pythons
  11 endoplasms
  2 giant cockroaches
  7 goblins
  3 hobgoblins
  8 jackals
  6 kobolds
  4 quokkas
  6 bats
  4 frilled lizards
  3 rats
85 creatures vanquished.

Vanquished Creatures (others)
  5 toadstools (D:1)
5 creatures vanquished.

Grand Total: 90 creatures vanquished

Notes
Turn   | Place    | Note
-------+----------+-------------------------------------------
     0 | D:1      | dracfodder the Gargoyle Fighter began the quest for the
                  | Orb.
     0 | D:1      | Reached XP level 1. HP: 14/14 MP: 1/1
    81 | D:1      | Reached XP level 2. HP: 19/19 MP: 2/2
   613 | D:2      | Found Guut's Magic Scroll Boutique.
   653 | D:2      | Bought a scroll of enchant armour for 90 gold pieces
   653 | D:2      | Bought a scroll of identify for 24 gold pieces
   653 | D:2      | Bought a scroll of identify for 24 gold pieces
   741 | D:2      | Reached XP level 3. HP: 24/24 MP: 3/3
   935 | D:2      | Reached skill level 3 in Maces & Flails
  1103 | D:2      | Reached XP level 4. HP: 29/29 MP: 4/4
  1562 | D:3      | Found a broken altar of Ashenzari.
  1594 | D:3      | Found a basalt altar of Yredelemnul.
  1713 | D:3      | Reached XP level 5. HP: 33/33 MP: 5/5
  2253 | D:4      | Reached skill level 4 in Maces & Flails
  2362 | D:4      | Found a staircase to the Ecumenical Temple.
  2523 | D:4      | Found a runed translucent gate.
  2523 | D:4      | Noticed Grieffels's ghost (amateur MiGl)
  2524 | D:4      | Identified the +10 sling of Uzaebaam {freeze, rN+ Dex+2}
  2527 | D:4      | Found a runed translucent gate.
  2528 | D:4      | Found a runed translucent gate.
  2557 | D:4      | Found a burning altar of Makhleb.
  2566 | D:4      | Reached skill level 1 in Dodging
  2566 | D:4      | Reached XP level 6. HP: 38/38 MP: 6/6
  2880 | D:4      | Reached skill level 1 in Throwing
  2941 | D:4      | Reached skill level 5 in Maces & Flails
  3060 | D:4      | Slain by Grieffels's ghost

Illustrated notes

Levels and vault maps discovered:
D:1:      dpeg_arrival_simpleton_a, layout_basic, minmay_gold_behind_fungi
D:2:      layout_loops_ring, serial_shops, shop, supply_closet_lemuel,
          kennysheep_donut
D:3:      layout_loops_corners, mainiacjoe_overflow_large_starburst
D:4:      layout_basic, demons_altar, temple_statues, biasface_ghost_orc_armoury

Skill      XL: |  1  2  3  4  5  6 |
---------------+-------------------+-----
Maces & Flails | 3 4 5 |  5.0
Fighting       | 4 |  4.1
Dodging        | 1 |  1.5
Throwing       | 1 |  1.1
Armour         | |  3.6
Shields        | |  3.7

Action                     |  1- 3 |  4- 6 || total
---------------------------+-------+-------++-------
  Melee: Flail             |   102 |   162 ||   264
  Throw: Stone             |     6 |       ||     6
         Boomerang         |       |    39 ||    39
    Use: Scroll            |     3 |     6 ||     9
         Potion            |       |     2 ||     2
   Stab: Sleeping          |     1 |       ||     1
 Armour: Scale mail        |    11 |       ||    11
         Leather armour    |    40 |    75 ||   115
  Dodge: Dodged            |    54 |    94 ||   148
  Block: Buckler           |    32 |    45 ||    77

Table legend: (Time is in decaauts)
 A = Elapsed time spent in this place.
 B = Non-inter-level travel time spent in this place.
 C = Inter-level travel time spent in this place.
 D = Time resting spent in this place.
 E = Time spent auto-exploring this place.
 F = Levels seen in this place.
 G = Mean time per level.
                   A        B        C        D        E       F      G
               +--------+--------+--------+--------+--------+-----+--------+
         Total |   3149 |   3121 |     28 |     47 |   2311 |   4 |  787.2 |
       Dungeon |   3149 |   3121 |     28 |     47 |   2311 |   4 |  787.2 |
               +--------+--------+--------+--------+--------+-----+--------+

Top non-repeatable levels by time:
     D:3: 935 daAuts
     D:4: 847 daAuts
     D:2: 739 daAuts
     D:1: 626 daAuts
